Map: Taito Citadel LE

Players

ShoWTimE - Winner!

  • Race: Protoss Protoss
  • League: Master
  • Spawn Location: 5:00

HeroMarine

  • Race: Terran Terran
  • Spawn Location: 11:00

VOD

Have the link to the VOD?

Description

Time

  • Played on: Feb. 1, 2026, 10:57 a.m.
  • Length: 13:51
Show
View Real Time Build Order
Export as new Build Order

ShoWTimE Protoss - Winner!

Build Orders: 1 Gate Expand, Blink Stalkers 

Get SALT Encoding   

  12  0:00  Probe  
  13  0:12  Probe  
  14  0:18  Pylon  
  14  0:24  Probe  
  15  0:32  Probe  
  15  0:37  Gateway  
  15  0:40  Probe  
  16  0:46  Assimilator  
  17  0:50  Probe  
  18  1:03  Probe  
  19  1:15  Probe  
  20  1:24  Cybernetics Core  
  20  1:31  Nexus  
  20  1:35  Probe  
  21  1:41  Pylon  
  21  1:47  Probe  
  21  1:50  Assimilator, Adept  
  22  1:59  Probe  
  22  2:01  Warp Gate  
  25  2:10  Adept  
  25  2:11  Probe  
  28  2:23  Probe  
  29  2:32  Twilight Council  
  29  2:35  Probe  
  30  2:40  Probe, Stalker  
  33  2:47  Probe  
  33  2:48  Probe  
  34  2:55  Gateway  
  34  2:57  Probe  
  35  3:00  Probe, Blink  
  35  3:02  Shield Battery  
  37  3:09  Probe  
  37  3:12  Probe  
  38  3:22  Probe  
  38  3:25  Probe  
  40  3:30  Robotics Facility  
  40  3:34  Probe  
  41  3:37  Probe  
  41  3:39  Pylon  
  42  3:46  Probe, Gateway  
  43  3:49  Probe  
  43  3:52  Stalker  
  46  3:58  Probe  
  46  4:01  Probe  
  46  4:10  Stalker, Probe  
  46  4:11  Observer  
  46  4:16  Nexus  
  50  4:20  Pylon  
  50  4:22  Probe  
  50  4:23  Probe  
  52  4:24  Observer  
  52  4:29  Assimilator  
  53  4:32  Pylon  
  53  4:34  Probe  
  54  4:38  Probe  
  54  4:40  Stalker  
  54  4:43  Stalker  
  59  4:46  Probe  
  59  4:48  Stalker  
  59  4:50  Probe  
  63  4:53  Pylon  
  63  4:58  Probe  
  64  5:03  Probe, Stalker  
  64  5:06  Charge  
  67  5:08  Stalker  
  67  5:13  Gateway  
  69  5:16  Stalker  
  71  5:27  Shield Battery  
  71  5:28  Stalker  
  71  5:33  Shield Battery  
  72  5:36  Stalker  
  72  5:37  Probe  
  72  5:38  Probe  
  72  5:42  Probe  
  76  5:47  Forge  
  76  5:49  Probe  
  78  5:50  Probe x2  
  76  5:59  Probe  
  76  6:01  Probe  
  76  6:03  Probe  
  77  6:04  Protoss Ground Weapons Level 1  
  77  6:06  Robotics Bay  
  77  6:09  Gateway  
  77  6:11  Probe  
  77  6:12  Stalker  
  77  6:13  Assimilator, Probe  
  77  6:15  Probe  
  82  6:21  Gateway  
  82  6:22  Pylon  
  82  6:23  Probe  
  82  6:25  Probe  
  84  6:27  Probe  
  84  6:29  Sentry x2  
  84  6:31  Pylon  
  84  6:32  Zealot  
  91  6:44  Colossus, Probe  
  91  6:45  Gateway  
  89  6:48  Probe x2, Gateway x2  
  89  6:50  Pylon  
  89  6:52  Pylon  
  96  7:05  Zealot x4  
  104  7:13  Pylon  
  104  7:14  Zealot x2  
  108  7:18  Nexus  
  108  7:26  Stalker x2  
  108  7:27  Zealot  
  113  7:33  Zealot  
  113  7:36  Pylon  
  115  7:37  Nexus  
  115  7:38  Colossus  
  115  7:39  Extended Thermal Lance, Pylon  
  115  7:43  Pylon  
  115  7:47  Protoss Ground Weapons Level 2  
  115  7:48  Pylon  
  115  7:49  Probe  
  115  7:50  Probe  
  117  7:54  Probe  
  117  7:56  Forge  
  124  8:04  Pylon  
  124  8:07  Sentry, Zealot x4  
  124  8:08  Probe  
  124  8:09  Probe  
  136  8:16  Zealot  
  138  8:20  Zealot  
  138  8:21  Zealot  
  142  8:27  Zealot x3  
  148  8:36  Zealot x3  
  148  8:41  Protoss Ground Armor Level 1  
  152  8:49  Colossus  
  139  8:55  Probe  
  139  8:59  Zealot x9  
  145  9:08  Probe  
  146  9:16  Pylon  
  146  9:20  Zealot x5  
  146  9:21  Pylon  
  146  9:23  Zealot  
  158  9:26  Robotics Facility  
  158  9:31  Gravitic Drive  
  158  9:34  Warp Prism  
  142  9:46  Protoss Ground Weapons Level 3  
  142  9:51  Zealot x8  
  152  9:56  Colossus  
  152  9:58  Nexus  
  152  10:02  Probe x2  
  152  10:03  Probe  
  152  10:04  Pylon  
  152  10:06  Dark Shrine  
  155  10:11  Protoss Ground Armor Level 2  
  161  10:14  Colossus  
  161  10:16  Zealot x5, Shield Battery  
  171  10:28  Stalker  
  179  10:33  Gateway  
  179  10:40  Zealot x3  
  179  10:41  Zealot  
  187  10:44  Probe x3  
  187  10:49  Stalker x2  
  194  10:56  Gateway, Warp Prism  
  192  10:59  Gateway  
  192  11:01  Stalker x4  
  196  11:11  Zealot x2  
  194  11:14  Probe  
  194  11:15  Probe x3  
  194  11:17  Assimilator  
  176  11:27  Colossus  
  176  11:29  Colossus  
  152  11:38  Zealot x4  
  152  11:39  Zealot x4  
  154  11:42  Shadow Stride  
  150  11:51  Zealot x2  
  150  11:53  Probe  
  155  11:54  Probe, Assimilator  
  155  11:55  Probe  
  157  12:02  Zealot x5  
  157  12:07  Zealot x3  
  157  12:08  Pylon  
  173  12:09  Zealot  
  173  12:10  Zealot  
  177  12:22  Zealot x3  
  179  12:25  Colossus  
  183  12:31  Zealot x6  
  183  12:32  Zealot x2  
  185  12:45  Zealot x4  
  183  12:52  Zealot x5  
  183  12:56  Stalker x2  
  177  13:07  Nexus  
  177  13:17  Dark Templar x7  
  191  13:21  Dark Templar  
  191  13:22  Zealot x3  
  185  13:42  Zealot x2  
  185  13:43  Zealot x2  
Show
View Real Time Build Order
Export as new Build Order

HeroMarine Terran 

Build Orders:  

Get SALT Encoding   

  12  0:00  SCV  
  13  0:12  SCV  
  14  0:17  Supply Depot  
  14  0:24  SCV  
  15  0:38  SCV  
  15  0:39  Barracks  
  15  0:42  Refinery  
  16  0:50  SCV  
  16  0:52  Refinery  
  17  1:02  SCV  
  18  1:15  SCV  
  19  1:26  Reaper  
  19  1:27  Orbital Command  
  20  1:39  Factory  
  20  1:46  Supply Depot  
  20  1:52  SCV  
  21  1:59  Reaper  
  22  2:04  SCV  
  23  2:15  Command Center  
  23  2:17  SCV  
  24  2:24  Hellion  
  24  2:29  SCV  
  27  2:32  Reaper  
  27  2:34  Supply Depot  
  28  2:41  SCV  
  29  2:46  Hellion  
  29  2:50  Starport  
  31  2:56  SCV  
  32  3:06  Barracks Reactor  
  32  3:08  SCV  
  33  3:20  SCV  
  33  3:22  Factory Reactor  
  33  3:23  Factory Tech Lab  
  34  3:31  Orbital Command  
  34  3:32  SCV  
  34  3:33  Starport Tech Lab  
  35  3:42  Marine x2  
  35  3:44  SCV  
  35  3:48  Siege Tank, Barracks  
  41  3:52  Raven  
  43  3:56  SCV  
  43  3:58  SCV  
  43  4:00  Marine x2  
  47  4:08  SCV  
  44  4:10  SCV  
  44  4:11  Supply Depot  
  45  4:18  Marine x2  
  45  4:20  Siege Tank, SCV  
  45  4:22  SCV  
  52  4:30  Barracks  
  52  4:33  SCV  
  52  4:34  SCV  
  52  4:36  Marine x2  
  52  4:37  Supply Depot  
  56  4:43  Marine  
  56  4:44  Stimpack  
  56  4:45  SCV  
  58  4:46  SCV  
  58  4:50  Engineering Bay, Refinery  
  59  4:54  Siege Tank  
  59  4:59  Marine, SCV x2  
  65  5:00  Marine  
  65  5:01  Marine  
  65  5:04  Supply Depot  
  67  5:08  Supply Depot  
  67  5:11  SCV x2  
  69  5:16  Marine  
  69  5:17  Marine  
  70  5:22  Starport Reactor  
  70  5:23  Marine  
  70  5:26  SCV x2  
  72  5:34  Marine  
  72  5:38  SCV x2  
  72  5:40  Marine x2  
  73  5:45  Factory Reactor  
  73  5:46  Terran Infantry Weapons Level 1  
  73  5:48  Command Center  
  73  5:49  Refinery  
  70  5:50  SCV x2  
  70  5:51  Marauder  
  70  5:56  Marine  
  69  5:57  Marine  
  69  5:59  Marauder  
  69  6:02  SCV  
  69  6:03  SCV  
  69  6:04  Barracks x2  
  68  6:12  Marauder  
  68  6:15  Marine  
  68  6:16  Marine  
  72  6:18  Medivac  
  72  6:20  Medivac, Marauder  
  72  6:22  SCV  
  72  6:23  SCV  
  80  6:34  Marine x2  
  80  6:35  SCV x2  
  80  6:36  Barracks Tech Lab  
  80  6:42  Barracks Tech Lab  
  81  6:47  SCV x2  
  81  6:51  Medivac  
  81  6:52  Medivac  
  86  6:59  Barracks Reactor, Barracks Tech Lab  
  86  7:00  Marine x2, Widow Mine x2, Marauder  
  86  7:01  Supply Depot  
  94  7:05  SCV x2  
  96  7:11  Marauder  
  96  7:17  SCV x2, Marine  
  96  7:22  Marauder  
  101  7:28  Widow Mine x2  
  101  7:29  SCV  
  106  7:32  Marauder  
  106  7:35  Marine  
  109  7:44  Orbital Command, Marine, SCV x2, Marauder x2  
  109  7:46  Terran Infantry Armor Level 1  
  116  7:51  Supply Depot, Marine  
  116  7:54  Concussive Shells  
  116  7:56  Combat Shield  
  117  8:03  Supply Depot  
  117  8:05  Supply Depot  
  117  8:13  Marine x2, Medivac x2, Marauder  
  117  8:15  Supply Depot, Marine  
  117  8:16  Marauder, Widow Mine x2  
  117  8:17  Marine  
  133  8:25  Marauder  
  138  8:30  Marine x2  
  138  8:31  Supply Depot  
  138  8:32  Supply Depot  
  138  8:33  Marine  
  138  8:35  Marauder  
  138  8:36  Marine  
  138  8:37  Marauder  
  138  8:40  SCV  
  138  8:41  SCV  
  145  8:42  Sensor Tower  
  145  8:43  Viking x2  
  145  8:47  Marauder  
  146  8:48  Marine  
  146  8:49  SCV  
  146  8:52  SCV  
  146  8:53  SCV  
  133  8:56  Marauder  
  133  8:58  Marauder  
  133  8:59  Marine x2  
  139  9:03  SCV, Refinery x2  
  139  9:04  SCV  
  139  9:08  Marauder  
  140  9:13  Viking x2  
  143  9:19  Bunker  
  143  9:22  Factory Tech Lab  
  143  9:23  Armory, Engineering Bay  
  143  9:24  Command Center  
  143  9:29  Marauder  
  145  9:31  Starport  
  145  9:32  Marauder  
  145  9:34  Marauder  
  145  9:37  SCV  
  131  9:50  Marauder  
  131  9:52  Marine x2  
  135  9:55  Viking x2  
  135  9:57  Siege Tank, Marauder  
  141  10:00  Barracks  
  141  10:01  Barracks x2, Marine  
  141  10:02  Marine  
  143  10:08  Missile Turret, Sensor Tower  
  143  10:09  Marine  
  143  10:10  Marine, Supply Depot  
  143  10:11  Viking x2  
  143  10:12  Supply Depot  
  143  10:13  Terran Infantry Weapons Level 2  
  147  10:17  Terran Infantry Armor Level 2  
  147  10:18  Terran Ship Weapons Level 1  
  147  10:25  Marauder x3  
  147  10:26  Marine x2  
  155  10:31  Viking  
  157  10:35  Viking  
  157  10:38  Missile Turret  
  157  10:41  Missile Turret  
  159  10:46  Marine x6  
  159  10:48  Missile Turret  
  159  10:49  Barracks Reactor, Barracks Tech Lab  
  165  10:50  Barracks Tech Lab  
  165  10:53  Viking  
  165  10:55  Viking  
  169  10:59  Marauder  
  168  11:04  Marine x2, Marauder  
  168  11:05  Marauder  
  168  11:06  Marine x2  
  168  11:07  Marine  
  168  11:10  Planetary Fortress  
  175  11:11  SCV  
  175  11:12  SCV  
  175  11:15  SCV  
  175  11:17  Marauder  
  180  11:20  Marauder  
  159  11:26  Marine x2, Marauder  
  159  11:29  Marauder  
  159  11:30  Marine  
  138  11:34  Marine x2  
  138  11:35  Marauder  
  138  11:36  Medivac x3  
  138  11:38  Medivac  
  136  11:42  Marauder x2  
  136  11:47  Marine x2, Marauder  
  132  11:50  Marauder  
  137  11:56  Marine, Marauder  
  137  11:58  Marine x2  
  137  12:00  Marine  
  143  12:03  Marauder x2  
  143  12:04  Marine  
  143  12:06  Medivac x2, Viking  
  143  12:07  Marine  
  143  12:08  Viking, Marauder  
  157  12:12  Marine  
  157  12:14  Marine  
  158  12:16  Marine x2  
  158  12:17  Marine  
  158  12:18  Marine  
  158  12:22  Marine  
  157  12:24  Marine x2  
  160  12:31  Marauder x2  
  160  12:35  Marauder  
  166  12:42  Marauder x2  
  156  12:45  SCV x2  
  156  12:47  SCV  
  157  12:52  Marauder x2, Medivac  
  157  12:55  Medivac x2  
  157  12:57  Marauder, Viking  
  155  13:04  Marauder x2  
  155  13:05  Marine x2  
  161  13:06  Marine x2  
  161  13:12  SCV  
  162  13:13  SCV x3, Marauder x2  
  162  13:18  Marauder  
  162  13:19  Fusion Core  
  171  13:23  Sensor Tower  
  171  13:24  SCV  
  171  13:25  SCV x2, Marine x3  
Tags
 
Add a new tag
Caveats
  • Supply blocks, unpowered buildings, or Contaminate may cause inaccurate times.
  • Supply counts are checked every 10 seconds.